 Dungeon Crawl Stone Soup version 0.23.0-3-gf3c87f2 (webtiles) character file.

Game seed: 6982117572171258470

21 Kairos the Grave Robber (level 2, 0/13 HPs)
             Began as a Vine Stalker Necromancer on Feb 20, 2019.
             Slain by Terence
             ... wielding a +0 falchion
              (1 damage)
             ... on level 2 of the Dungeon.
             The game lasted 00:02:15 (1524 turns).

Kairos the Grave Robber (Vine Stalker Necromancer)  Turns: 1524, Time: 00:02:16

Health: 0/13       AC:  5    Str: 10    XL:     2   Next: 83%
Magic:  0/6        EV: 10    Int: 15    God:
Gold:   59         SH:  0    Dex: 14    Spells: 5/6 levels left

rFire    . . .     SeeInvis .   h - +1 whip
rCold    . . .     Gourm    .   (no shield)
rNeg     . . .     Faith    .   o - +0 ring mail
rPois    .         Spirit   +   (no helmet)
rElec    .         Reflect  .   (no cloak)
rCorr    .         Harm     .   (no gloves)
MR       .....                  (no boots)
Stlth    +.........             (no amulet)
HPRegen  0.04/turn              (no ring)
MPRegen  0.10/turn              (no ring)

@: very slightly contaminated
A: fangs 2, magic shield, antimagic bite, no potion heal 3, rot immunity
a: no special abilities


You were on level 2 of the Dungeon.
You were not hungry.

You visited 1 branch of the dungeon, and saw 2 of its levels.

You collected 59 gold pieces.

Inventory:

Hand Weapons
 d - a +0 club
 h - a +1 whip (weapon)
Missiles
 q - 4 tomahawks (quivered)
Armour
 a - a +0 robe
 o - a +0 ring mail (worn)
Scrolls
 b - a scroll of enchant weapon
 e - a scroll of immolation {unknown}
 j - 2 scrolls of identify {unknown}
 k - a scroll of teleportation {unknown}
 m - a scroll of blinking {unknown}
 n - 2 scrolls of random uselessness {unknown}
Potions
 f - 3 potions of flight {unknown}
 g - a potion of berserk rage {unknown}
 i - 2 potions of heal wounds {unknown}
 l - a potion of magic {unknown}
 p - a potion of lignification {unknown}
Comestibles
 c - 2 rations
 r - 2 chunks of flesh


   Skills:
 + Level 1.6 Dodging
 + Level 2.5 Stealth
 + Level 2.6 Spellcasting
 + Level 4.4 Necromancy


You had 5 spell levels left.
You knew the following spells:

 Your Spells              Type           Power        Failure   Level  Hunger
a - Pain                  Necr           ###.         9%          1    #......

Your spell library contained the following spells:

 Spells                   Type           Power        Failure   Level  Hunger
 Animate Skeleton         Necr           N/A          9%          1    #......
 Vampiric Draining        Necr           ###.......   26%         3    ###....
 Regeneration             Chrm/Necr      #.........   54%         3    ###....
 Animate Dead             Necr           N/A          65%         4    #####..


Dungeon Overview and Level Annotations

Branches:
Dungeon (2/15)

Altars:

Annotations:
D:2 Terence


Innate Abilities, Weirdness & Mutations

You have extremely sharp teeth.
When hurt, damage is shared between your health and your magic reserves.
Your bite disrupts and absorbs the magic of your enemies.
Potions cannot restore your health.
You are immune to rotting.


Message History

Terence is almost dead.
Terence closely misses you.
You barely miss Terence.
Terence is almost dead.
Terence closely misses you.
You closely miss Terence.
Terence is severely wounded.
Terence hits you with a +0 falchion.
* * * LOW HITPOINT WARNING * * *
You hit Terence. Your bite misses Terence.
Terence is almost dead.
Terence misses you.
You hit Terence but do no damage.
Terence is almost dead.
Terence hits you with a +0 falchion.
* * * LOW HITPOINT WARNING * * *
You hit Terence but do no damage. You bite Terence, but do no damage.
Terence is almost dead.
Terence hits you with a +0 falchion.
You die...

#.#.#....#####...####
#.#.#........#.......
#...#......#.#....###.
#.###........#........
#.###...##............
#....^..######>.##.##
#.###.#..# #..# #.#
#...≈#####..#
#.###..≈≈#?.@@..#
#..)...≈8#####.......
######.≈≈# ...##.##
#..≈# #### # ##..#
#.## #.# #.# #.#


You could see Terence.

Vanquished Creatures
  4 goblins
  2 hobgoblins
  A jackal (D:1)
  2 kobolds (D:1)
  A quokka (D:2)
  3 bats (D:1)
  2 frilled lizards (D:1)
  5 rats (D:1)
20 creatures vanquished.

Notes
Turn   | Place    | Note
-------+----------+-------------------------------------------
     0 | D:1      | Kairos the Vine Stalker Necromancer began the quest for the
                  | Orb.
     0 | D:1      | Reached XP level 1. HP: 9/9 MP: 4/4
   344 | D:1      | Reached XP level 2. HP: 13/13 MP: 4/6
  1508 | D:2      | Noticed Terence
  1524 | D:2      | Slain by Terence

Action                   || total
-------------------------++-------
Melee: Whip              ||    15
       Bite              ||     6
 Cast: Pain              ||    38
  Use: Scroll            ||     1
  Eat: Chunk             ||     2
Armor: Ring mail         ||     3
Dodge: Dodged            ||    11
